 Dungeon Crawl Stone Soup version 0.29.1-12-g30fa7ad0bf (webtiles) character file.

Game seed: 16389119634723804615

56102 ChadusMaximus the Protected (level 14, -2/132 HPs)
             Began as a Minotaur Fighter on Dec 13, 2022.
             Was a High Priest of Okawaru.
             Slain by an 11-headed hydra (9 damage)
             ... on level 5 of the Lair of Beasts.
             The game lasted 00:25:56 (18209 turns).

ChadusMaximus the Protected (Minotaur Fighter)     Turns: 18209, Time: 00:25:57

Health: -2/132     AC: 23    Str: 25    XL:     14   Next: 40%
Magic:  18/19      EV: 10    Int:  5    God:    Okawaru [*****.]
Gold:   1217       SH: 10    Dex: 14    Spells: 13/13 levels left

rFire   . . .      SeeInvis .   a - +0 war axe
rCold   + . .      Faith    .   U - +1 buckler {rC+}
rNeg    + + .      Spirit   .   P - +1 plate armour {rN+}
rPois   .          Reflect  .   (helmet restricted)
rElec   +          Harm     .   D - scarf {shadows}
rCorr   .          Rampage  .   G - +0 pair of gloves
Will    +....                   n - +0 pair of boots
Stlth   ..........              x - amulet of regeneration
HPRegen 1.12/turn               F - +4 ring of slaying
MPRegen 0.16/turn               W - ring of Igoclaxy {*Slow rElec rN+ Dex+3 Slay+3}

@: about to teleport, heroic
A: horns 2, retaliatory headbutt
a: Renounce Religion, Heroism, Finesse, Duel


You were on level 5 of the Lair of Beasts.
You worshipped Okawaru.
Okawaru was extremely pleased with you.
You visited 3 branches of the dungeon, and saw 17 of its levels.
You visited the Abyss 1 time.
You also visited: Ossuary and Ice Cave.

You collected 1217 gold pieces.

Inventory:

Hand Weapons
 a - a +0 war axe (weapon)
 N - a +0 demon whip of venom
Missiles
 b - 6 boomerangs (quivered)
 y - 4 curare-tipped darts
 V - 8 javelins
 X - an atropa-tipped dart
Armour
 n - a +0 pair of boots (worn)
 D - a scarf of shadows (worn)
 G - a +0 pair of gloves (worn)
 P - a +1 plate armour of positive energy (worn)
 U - a +1 buckler of cold resistance (worn)
Jewellery
 f - a ring of flight
 m - an amulet of reflection
 x - an amulet of regeneration (around neck)
 E - a +6 ring of strength
 F - a +4 ring of slaying (left hand)
 I - a ring of see invisible
 W - the ring of Igoclaxy (right hand) {*Slow rElec rN+ Dex+3 Slay+3}
   (You found it in an ice cave)

   [ring of positive energy]

   Dex:       It affects your dexterity (+3).
   Slay:      It affects your accuracy & damage with ranged weapons and melee
   (+3).
   rElec:     It insulates you from electricity.
   rN:        It protects you from negative energy.
   *Slow:     It may slow you when you take damage.
Wands
 s - a wand of digging (8)
 M - a wand of iceblast (9)
 O - a wand of polymorph (5)
 Y - a wand of acid (11)
 Z - a wand of flame (7)
Scrolls
 e - 10 scrolls of teleportation
 g - a scroll of brand weapon {unknown}
 h - 4 scrolls of poison
 k - 4 scrolls of enchant weapon
 t - 7 scrolls of vulnerability
 w - 4 scrolls of immolation
 J - a scroll of silence
 K - 2 scrolls of blinking {unknown}
 L - 4 scrolls of enchant armour
 Q - a scroll of fear
 R - 2 scrolls of amnesia {unknown}
 S - 2 scrolls of identify
 T - a scroll of torment {unknown}
Potions
 d - 3 potions of brilliance
 i - 5 potions of heal wounds
 j - 5 potions of degeneration
 l - 3 potions of lignification
 o - 3 potions of mutation
 p - a potion of ambrosia {unknown}
 q - 4 potions of resistance {unknown}
 r - 3 potions of haste {unknown}
 u - 13 potions of curing {unknown}
 v - 5 potions of magic {unknown}
 z - 4 potions of attraction {unknown}
 A - 3 potions of might
 B - 3 potions of berserk rage {unknown}
 C - 2 potions of flight {unknown}
 H - 2 potions of cancellation {unknown}
Miscellaneous
 c - a piece from Xom's chessboard (15/15)


   Skills:
 + Level 14.2(19.2) Fighting
 + Level 13.9(18.9) Axes
 - Level 8.7(13.7) Throwing
 + Level 14.2(19.2) Armour
 + Level 14.0(19.0) Shields
 - Level 8.0 Invocations


You had 13 spell levels left.
You didn't know any spells.
Your spell library contained the following spells:

 Spells                   Type           Power      Damage    Failure   Level
 Apportation              Tloc           0%         N/A       97%         1
 Static Discharge         Conj/Air       0%         3-3/arc   99%         2
 Conjure Flame            Conj/Fire      0%         6-21      100%        3
 Dispel Undead            Necr           0%         3d6       100%        4
 Sticky Flame             Conj/Fire      0%         2d3       100%        4
 Alistair's Intoxication  Tmut/Pois      0%         N/A       100%        5
 Blade Hands              Tmut           0%         N/A       100%        5
 Freezing Cloud           Conj/Ice/Air   0%         6-21      100%        5
 Irradiate                Conj/Tmut      0%         3d11      100%        5
 Conjure Ball Lightning   Conj/Air       0%         3x3d6     100%        6
 Dragon Form              Tmut           0%         N/A       100%        7
 Ignition                 Fire           0%         3d3       100%        8
 Polar Vortex             Ice            0%         N/A       100%        9
 Simulacrum               Ice/Necr       Unusable   N/A       N/A         6

Dungeon Overview and Level Annotations

Branches:
Dungeon (11/15)            Temple (1/1) D:7            Lair (5/5) D:9
 Shoals (0/4) Lair:2       Spider (0/4) Lair:3        Slime (0/5) Lair:5
    Orc (0/2) D:11        Ossuary (visited)           IceCv (visited)

Altars:
Ashenzari
Dithmenos
Elyvilon
Gozag
Hepliaklqana
Kikubaaqudgha
Makhleb
Nemelex Xobeh
Okawaru
Ru
Sif Muna
Uskayaw
Vehumet
Wu Jian
Xom
Yredelemnul
Zin
The Shining One

Shops:
D:1 !   D:2 ?   D:3 ?   D:4 *   D:6 !


Innate Abilities, Weirdness & Mutations

You have a pair of horns on your head.
You reflexively headbutt those who attack you in melee.


Message History

The 11-headed hydra bites you but does no damage. x3
You block the 11-headed hydra's attack. The 11-headed hydra closely misses you.
The 11-headed hydra bites you.
* * * LOW HITPOINT WARNING * * *
The 11-headed hydra bites you but does no damage. x3
The 11-headed hydra attacks as you move away!
The 11-headed hydra bites you but does no damage.
You block the 11-headed hydra's attack. The 11-headed hydra closely misses you.
The 11-headed hydra bites you.
* * * LOW HITPOINT WARNING * * *
The 11-headed hydra misses you.
The 11-headed hydra bites you but does no damage.
The 11-headed hydra closely misses you. The 11-headed hydra barely misses you.
The 11-headed hydra bites you.
* * * LOW HITPOINT WARNING * * *
The 11-headed hydra bites you but does no damage.
You block the 11-headed hydra's attack.
The 11-headed hydra attacks as you move away!
You block the 11-headed hydra's attack.
The 11-headed hydra bites you but does no damage. x3
The 11-headed hydra bites you.
* * * LOW HITPOINT WARNING * * *
The 11-headed hydra bites you but does no damage.
The 11-headed hydra bites you!
* * * LOW HITPOINT WARNING * * *
The 11-headed hydra closely misses you. x2
The 11-headed hydra barely misses you. You block the 11-headed hydra's attack.
The 11-headed hydra attacks as you move away!
The 11-headed hydra completely misses you.
You furiously retaliate!
You headbutt the 11-headed hydra! You block the 11-headed hydra's attack.
The 11-headed hydra bites you.
* * * LOW HITPOINT WARNING * * *
The 11-headed hydra bites you but does no damage.
The 11-headed hydra bites you.
* * * LOW HITPOINT WARNING * * *
The 11-headed hydra bites you but does no damage.
You block the 11-headed hydra's attack. The 11-headed hydra bites you.
* * * LOW HITPOINT WARNING * * *
The 11-headed hydra closely misses you. The 11-headed hydra bites you!
You die...

...............
.............P.
..............##
...............# ..# ..
..............## .. P.#.
...........$...# .
......................# #
..##...##.....D.........
##.###...###....@.........
....##...##...†††P.#......
.............#.(†.#.......
.......>.........##.......
##..........†#........♣♣♣
.#..#....###.........♣♣
.#.###†..##...#....♣♣♣
)....#...#.#.......♣
...................♣


You could see a 11-headed hydra.

Vanquished Creatures
  Gastronok (D:8)
  5 hydras
  A boulder beetle (D:11)
  2 catoblepae
  3 two-headed ogres
  4 death yaks
  Sonja (D:11)
  Amaemon (D:8)
  Pikel (D:4)
  A wizard (D:9)
  A necromancer (IceCv)
  A deep elf pyromancer (D:8)
  An oklob plant (Lair:2)
  A manticore (D:9)
  3 ugly things
  6 black mambas
  5 elephants
  An ice statue (IceCv)
  2 gargoyles (D:8)
  2 torpor snails
  11 cane toads
  Maggie (D:8)
  An orange demon (D:8)
  10 komodo dragons
  An efreet (Abyss:2)
  2 rime drakes
  13 ice devils (IceCv)
  2 freezing wraiths (IceCv)
  2 anaconda simulacra (IceCv)
  2 trolls (D:9)
  A meliai (D:9)
  3 polar bears
  A tyrant leech (Arena)
  3 slime creatures (Lair:5)
  2 raiju (Abyss:2)
  17 blink frogs
  Prince Ribbit (D:8)
  A jumping spider (Lair:3)
  A snapping turtle (Lair:2)
  A shadow (D:11)
  2 wraiths
  5 culicivoras (Lair:3)
  A vampire (D:10)
  7 wyverns
  3 dire elephant simulacra (IceCv)
  40 yaks
  2 basilisks (Lair:4)
  2 redbacks (Lair:3)
  A steam dragon (D:10)
  7 death yak simulacra
  Grum (D:8)
  Edmund (D:4)
  A harpy simulacrum (IceCv)
  A hydra simulacrum (IceCv)
  19 water moccasins
  2 acid dragons (D:11)
  A sky beast (D:7)
  An ice beast (D:8)
  2 orc warriors
  The ghost of ChadusMaximus the Covered, an amateur MiFi (D:3)
  4 black bears
  A hornet zombie (Ossuary)
  15 wolves
  5 ogres
  A centaur (D:10)
  A phantom (D:6)
  A lemure (D:4)
  A kobold brigand (D:9)
  10 bullfrogs
  A wyvern zombie (Ossuary)
  A gnoll sergeant (D:9)
  A two-headed ogre simulacrum (IceCv)
  3 water moccasin zombies (Ossuary)
  A scorpion (D:7)
  9 cane toad simulacra
  4 wights
  An elephant simulacrum (IceCv)
  2 killer bees (D:9)
  2 howler monkeys
  An electric eel (Lair:2)
  3 centaur zombies (Ossuary)
  4 jellies
  3 bullfrog zombies (Ossuary)
  2 gnoll boudas
  4 hounds
  17 mummies (Ossuary)
  Natasha (thrice) (D:4)
  5 orc wizards
  5 iguanas
  3 spriggan simulacra (IceCv)
  A troll simulacrum (IceCv)
  3 polar bear simulacra (IceCv)
  5 killer bee zombies (Ossuary)
  4 wolf simulacra
  A howler monkey zombie (Ossuary)
  16 gnolls
  8 adders
  A shadow imp (D:3)
  2 white imps
  2 ufetubi
  A worm (D:3)
  A dart slug (D:1)
  34 orcs
  11 endoplasms
  A giant cockroach (D:2)
  12 goblins
  10 hobgoblins
  9 jackals
  12 kobolds
  2 quokkas
  8 ball pythons
  6 bats
  3 frilled lizards
  7 rats
493 creatures vanquished.

Vanquished Creatures (others)
  11 fungi
  15 plants
  4 withered plants (Ossuary)
30 creatures vanquished.

Grand Total: 523 creatures vanquished

Notes
Turn   | Place    | Note
-------+----------+-------------------------------------------
     0 | D:1      | ChadusMaximus the Minotaur Fighter began the quest for the
                  | Orb.
     0 | D:1      | Reached XP level 1. HP: 19/19 MP: 0/0
    78 | D:1      | Reached XP level 2. HP: 27/27 MP: 1/1
   114 | D:1      | Found a faded altar of an unknown god.
   147 | D:1      | Found Goxuacos's Distillery.
   521 | D:1      | Reached XP level 3. HP: 33/33 MP: 2/2
  1471 | D:2      | Reached XP level 4. HP: 39/41 MP: 3/3
  1523 | D:2      | Found Ecosk's Magic Scroll Shoppe.
  1780 | D:3      | Found a runed translucent gate.
  1780 | D:3      | Found a runed translucent gate.
  1780 | D:3      | Identified the +3 leather armour of Wasted Space {Will+}
  1781 | D:3      | Noticed ChadusMaximus's ghost (amateur MiFi)
  1802 | D:3      | Found Hill's Magic Scroll Boutique.
  2074 | D:3      | Found a runed translucent gate.
  2585 | D:4      | Found Xenutiul's Assorted Antiques.
  2674 | D:4      | Reached XP level 5. HP: 41/47 MP: 4/4
  2798 | D:4      | Noticed Natasha
  2803 | D:4      | Killed Natasha
  2804 | D:4      | Reached skill level 5 in Fighting
  2804 | D:4      | Reached skill level 5 in Shields
  2849 | D:4      | Reached skill level 5 in Armour
  2849 | D:4      | Reached XP level 6. HP: 28/55 MP: 5/5
  3174 | D:4      | Found a sand-covered staircase.
  3184 | Ossuary  | Entered an ossuary
  3214 | Ossuary  | Reached skill level 5 in Axes
  3218 | Ossuary  | Reached XP level 7. HP: 8/62 MP: 6/6
  3533 | Ossuary  | Reached XP level 8. HP: 6/71 MP: 7/7
  4579 | D:4      | Noticed Natasha
  4584 | D:4      | Killed Natasha
  4711 | D:4      | Noticed Edmund
  4719 | D:4      | Killed Edmund
  4807 | D:4      | Noticed Pikel
  4836 | D:4      | Killed Pikel
  4837 | D:4      | Reached XP level 9. HP: 40/81 MP: 8/8
  5242 | D:4      | Noticed Natasha
  5352 | D:4      | Killed Natasha
  5482 | D:3      | Killed ChadusMaximus's ghost
  5670 | D:5      | Entered Level 5 of the Dungeon
  6494 | D:6      | Found Ofromuti's Distillery.
  7064 | D:6      | Found a hazy altar of Hepliaklqana.
  7064 | D:6      | Found a shadowy altar of Dithmenos.
  7177 | D:7      | Found a shimmering altar of Xom.
  7362 | D:7      | Found a shimmering blue altar of Sif Muna.
  7582 | D:7      | Found a staircase to the Ecumenical Temple.
  7602 | Temple   | Entered the Ecumenical Temple
  7643 | Temple   | Became a worshipper of Warmaster Okawaru
  7843 | D:8      | Identified the +0 ring mail of Ypsey {Dex+5}
  7864 | D:8      | Noticed Gastronok
  7883 | D:8      | Killed Gastronok
  7883 | D:8      | Reached * piety under Okawaru
  7884 | D:8      | Reached XP level 10. HP: 67/92 MP: 11/11
  7919 | D:8      | Reached ** piety under Okawaru
  8001 | D:8      | Noticed Grum
  8002 | D:8      | Found a radiant altar of Vehumet.
  8015 | D:8      | Killed Grum
  8016 | D:8      | Reached skill level 10 in Fighting
  8037 | D:8      | Noticed Prince Ribbit
  8066 | D:8      | Killed Prince Ribbit
  8067 | D:8      | Reached skill level 10 in Armour
  8173 | D:8      | Noticed Amaemon
  8173 | D:8      | Noticed an orange demon
  8188 | D:8      | Killed Amaemon
  8188 | D:8      | Reached *** piety under Okawaru
  8189 | D:8      | Reached skill level 10 in Shields
  8193 | D:8      | Killed an orange demon
  8461 | D:8      | Found a glowing silver altar of Zin.
  8463 | D:8      | Found an ornate altar of the Wu Jian Council.
  8470 | D:8      | Found a burning altar of Makhleb.
  8472 | D:8      | Found a hide-covered altar of Uskayaw.
  8474 | D:8      | Found a glowing golden altar of the Shining One.
  8567 | D:8      | Noticed Maggie
  8584 | D:8      | Killed Maggie
  8585 | D:8      | Reached skill level 5 in Invocations
  8855 | D:8      | Reached skill level 10 in Axes
  8863 | D:8      | Noticed a gargoyle
  8867 | D:8      | Killed a gargoyle
  8867 | D:8      | Reached **** piety under Okawaru
  8868 | D:8      | Reached XP level 11. HP: 94/101 MP: 13/13
  8883 | D:8      | Noticed a two-headed ogre
  8900 | D:8      | Killed a two-headed ogre
  8987 | D:8      | Noticed a deep elf pyromancer
  9020 | D:8      | Reached ***** piety under Okawaru
  9029 | D:8      | Killed a deep elf pyromancer
  9608 | D:9      | Noticed an eight-headed hydra
  9620 | D:9      | Killed a 13-headed hydra
  9707 | D:9      | Noticed a two-headed ogre
  9718 | D:9      | Killed a two-headed ogre
  9907 | D:9      | Found a staircase to the Lair.
 10327 | D:9      | Found the +1 robe of Vines {NoPotionHeal Regen++++}
 10448 | D:10     | Entered Level 10 of the Dungeon
 10513 | D:9      | Noticed a white ugly thing
 10523 | D:9      | Killed a white ugly thing
 10539 | D:9      | Got Sif Muna's Compilation of Pyromania and Hurting
 10555 | D:9      | Noticed a wizard
 10563 | D:9      | Killed a wizard
 10570 | D:9      | Identified the +2 robe of Gravitas {rPois} (Okawaru gifted
                  | it to you on level 9 of the Dungeon)
 10570 | D:9      | Received a gift from Okawaru
 10709 | D:10     | Noticed a two-headed ogre
 10715 | D:10     | Killed a two-headed ogre
 11441 | D:11     | Noticed a purple ugly thing
 11451 | D:11     | Killed a purple ugly thing
 11561 | D:11     | Noticed a boulder beetle
 11573 | D:11     | Killed a boulder beetle
 11574 | D:11     | Reached XP level 12. HP: 53/110 MP: 14/17
 11912 | D:11     | Noticed Sonja
 11918 | Abyss:1  | Cast into level 1 of the Abyss (Sonja)
 11920 | Abyss:1  | Found a corrupted altar of Lugonu.
 12032 | Abyss:2  | Reached skill level 1 in Throwing
 12062 | Arena    | Entered the Arena
 12111 | Abyss:3  | Noticed a purple very ugly thing
 12112 | Abyss:3  | Noticed a starcursed mass
 12120 | Abyss:3  | Noticed a white very ugly thing
 12122 | Abyss:3  | Noticed a yellow draconian
 12130 | Abyss:3  | Noticed an ancient lich
 12136 | Abyss:4  | Found a corrupted altar of Lugonu.
 12181 | D:11     | Escaped the Abyss
 12197 | D:11     | Killed Sonja
 12263 | D:11     | Found a staircase to the Orcish Mines.
 12577 | Lair:1   | Entered Level 1 of the Lair of Beasts
 12844 | Lair:1   | Found a frozen archway.
 12864 | IceCv    | Entered an ice cave
 13125 | IceCv    | Found an ancient bone altar of Kikubaaqudgha.
 13131 | IceCv    | Reached skill level 5 in Throwing
 13378 | IceCv    | Received a gift from Okawaru
 13393 | IceCv    | Reached XP level 13. HP: 97/118 MP: 12/18
 13426 | IceCv    | Identified the ring of Igoclaxy {*Slow rElec rN+ Dex+3
                  | Slay+3}
 14888 | Lair:2   | Received a gift from Okawaru
 15075 | Lair:2   | Received a gift from Okawaru
 15648 | Lair:2   | Found a staircase to the Shoals.
 16176 | Lair:3   | Reached ****** piety under Okawaru
 16184 | Lair:3   | Found a hole to the Spider Nest.
 16195 | Lair:3   | Received a gift from Okawaru
 16898 | Lair:4   | Received a gift from Okawaru
 16899 | Lair:4   | Reached XP level 14. HP: 80/129 MP: 19/19
 17004 | Lair:4   | Identified the +5 quarterstaff of the Tired Allies {spect,
                  | +Blink Int+3 Dex+2}
 17940 | Lair:5   | Entered Level 5 of the Lair of Beasts
 17950 | Arena    | Entered the Arena
 17980 | Lair:5   | Received a gift from Okawaru
 18119 | Lair:5   | Found a staircase to the Slime Pits.
 18182 | Lair:5   | Received a gift from Okawaru
 18209 | Lair:5   | Slain by an 11-headed hydra

Illustrated notes

Levels and vault maps discovered:
D:1:      lordsloth_arrival_two_stooges, layout_loops_ring, serial_shops, shop,
          dreamdust_ecumenical_altar_angels_and_demons
D:2:      layout_loops_cross, serial_shops, shop, st_stairs_9
D:3:      layout_loops_ring, serial_shops, shop, biasface_ghost_orc_armoury,
          kennysheep_generic_room_14
D:4:      layout_basic, serial_shops, shop, nicolae_ossuary_entry_monument,
          kennysheep_generic_room_2, uniq_natasha, uniq_pikel, uniq_edmund
D:5:      layout_loops_ring
D:6:      layout_basic, riverfiend_overflow_shadow_ancestor, serial_shops,
          nicolae_shop_behind_doors
D:7:      layout_rooms, mainiacjoe_overflow_six_doors_small,
          mainiacjoe_overflow_concentric_impassable,
          minmay_temple_entry_statues_fountains, minmay_misc_feat_enclosed,
          serial_park_tiny_pond, chequers_serial_rivers_small_a
D:8:      wad_statue_garden, layout_rooms, nicolae_vehumet_radiance,
          chequers_temple_overflow_minitemple, uniq_amaemon,
          uniq_prince_ribbit1, uniq_gastronok, uniq_maggie, uniq_grum
D:9:      cheibrodos_elevator_heist, layout_gridville, lair_entry_dummy,
          hellmonk_guarded_unrand_vines
D:10:     layout_stronghold
D:11:     layout_loops_ring, orc_0_dummy, ebering_dispersal_statue_hall,
          uniq_sonja
Temple:   nicolae_temple_godzebo
Lair:1:   layout_roguey, portal_ice_cave_entry_ice_simulacra,
          infiniplex_staircase_pool_2
Lair:2:   nzn_winding_woodlands_medium [nzn_winding_woodlands_5x5_perimeter,
          nzn_winding_woodlands_5x15_twine, nzn_winding_woodlands_5x5_open_star,
          nzn_winding_woodlands_5x5_cross,
          nzn_winding_woodlands_center_pierced_h,
          nzn_winding_woodlands_5x5_checkerboard,
          nzn_winding_woodlands_5x5_closed_star,
          nzn_winding_woodlands_5x15_split_checker,
          nzn_winding_woodlands_5x5_three], layout_cave_pods,
          minmay_shoals_entry_hut, serial_bayou_ford_a, grunt_megastairs_4
Lair:3:   layout_roguey, nicolae_spider_entry_tight_spaces,
          chequers_serial_rivers_large_b
Lair:4:   layout_gridlike, serial_bayou_pond_c, nzn_random_ring,
          grunt_megastairs_5
Lair:5:   hellmonk_lair_end_abyssal_woods, layout_small_grid,
          minmay_slime_entry_pillars

Skill      XL: |  1  2  3  4  5  6  7  8  9 10 11 12 13 14 |
---------------+-------------------------------------------+-----
Shields        | 4 5 6 7 9 10 11 12 13 14 | 14.0
Fighting       | 4 5 6 8 9 10 11 12 13 14 | 14.2
Axes           | 3 4 5 6 7 9 10 11 12 13 | 13.9
Armour         | 4 5 6 7 9 10 11 12 13 14 | 14.2
Invocations    | 2 5 8 |  8.0
Throwing       | 5 8 |  8.7

Action                   |  1- 3 |  4- 6 |  7- 9 | 10-12 | 13-15 || total
-------------------------+-------+-------+-------+-------+-------++-------
Melee: War axe           |    85 |    92 |   389 |   515 |   430 ||  1511
       Headbutt          |     8 |    20 |    75 |   131 |   123 ||   357
       Unarmed           |       |       |       |    12 |       ||    12
Throw: Boomerang         |       |       |       |       |    34 ||    34
Invok: Heroism           |       |       |       |    29 |    16 ||    45
       Finesse           |       |       |       |     6 |     1 ||     7
       Duel              |       |       |       |     1 |     1 ||     2
  Use: Potion            |       |     1 |     1 |       |       ||     2
       Scroll            |       |       |     6 |     8 |     1 ||    15
 Stab: Petrified         |       |       |       |       |     5 ||     5
       Petrifying        |       |       |       |       |     1 ||     1
Armor: Scale mail        |    45 |    48 |    57 |       |       ||   150
       Chain mail        |       |       |    88 |       |       ||    88
       Plate armour      |       |       |    33 |   263 |   300 ||   596
Dodge: Dodged            |    39 |    37 |   155 |   204 |   141 ||   576
Block: Buckler           |    13 |    35 |   117 |   182 |   198 ||   545
